 Dungeon Crawl Stone Soup version 0.17-a0-1951-g62301d3 (webtiles) character file.

8087 achirane the Grappler (level 11, -1/105 HPs)
             Began as a Troll Transmuter on Oct 2, 2015.
             Was a Believer of Okawaru.
             Slain by a wolf (11 damage)
             ... on level 1 of the Lair of Beasts.
             The game lasted 01:02:57 (5983 turns).

achirane the Grappler (Troll Transmuter)            Turns: 5983, Time: 01:02:57

Health: -1/105     AC:  8    Str: 20    XL:     11   Next: 5%
Magic:  9/11       EV: 12    Int: 10    God:    Okawaru [**....]
Gold:   521        SH:  0    Dex: 12    Spells: 2 memorised, 7 levels left

rFire  . . .     SeeInvis .       - Unarmed
rCold  . . .     Clarity  .     F - troll hide {regen}
rNeg   . . .     SustAt   .     (no shield)
rPois  .         Gourm    +     (helmet restricted)
rElec  .         Spirit   .     K - +2 cloak
rCorr  .         Warding  .     (gloves unavailable)
rMut   .         Stasis   .     (boots unavailable)
MR     .....                    (no amulet)
Stlth  ++........               (no ring)
                                (no ring)

@: about to teleport, heroism, not resistant to hostile enchantments, unstealthy
A: unfitting armour, claws 3, fast metabolism 3, gourmand, regeneration 2,
shaggy fur 1, tough skin 2
a: Heroism, Renounce Religion


You were on level 1 of the Lair of Beasts.
You worshipped Okawaru.
Okawaru was pleased with you.
You were very full.

You visited 2 branches of the dungeon, and saw 13 of its levels.

You collected 521 gold pieces.

Inventory:

Hand weapons
 b - a +2 spear of venom
   (You took it off a gnoll sergeant on level 9 of the Dungeon)
Missiles
 e - 54 sling bullets
 q - 4 throwing nets {=f, !d}
 u - 4 needles of slowing
 x - 6 poisoned needles
 U - 2 large rocks (quivered) {!d}
Armour
 F - a troll hide (worn) {regen}
   (You found it on level 9 of the Dungeon)
 K - a +2 cloak (worn)
   (You found it on level 10 of the Dungeon)
Magical staves
 l - an uncursed staff of earth
   (You found it on level 10 of the Dungeon)
Jewellery
 i - an uncursed ring of teleportation {+/*tele, !d}
   (You found it on level 1 of the Dungeon)
Magical devices
 v - a wand of lightning (0)
   (You found it on level 6 of the Dungeon)
 w - a wand of flame (11)
   (You found it on level 5 of the Dungeon)
 D - a wand of lightning (0)
   (You found it on level 9 of the Dungeon)
 H - a wand of flame (35)
   (You found it on level 11 of the Dungeon)
 N - a wand of flame (28)
   (You found it on level 9 of the Dungeon)
 Q - a wand of teleportation (1)
   (You took it off Grum on level 9 of the Dungeon)
 S - a wand of fire (3)
   (You found it on level 9 of the Dungeon)
Scrolls
 f - a scroll of remove curse
 g - a scroll of enchant armour {unknown}
 j - 3 scrolls of enchant weapon
 m - a scroll of immolation {unknown}
 n - a scroll of teleportation
 p - a scroll of magic mapping {unknown}
 y - a scroll of blinking {unknown}
 A - a scroll of random uselessness {unknown}
 L - a scroll of summoning {unknown}
Potions
 h - a potion of resistance
 o - a potion of agility {unknown}
 r - 4 potions of magic
 t - a potion of curing
 z - 3 potions of invisibility {unknown}
 B - a potion of heal wounds {unknown}
 G - a potion of brilliance {unknown}
 J - a potion of mutation {unknown}
 O - a potion of degeneration {unknown}
 R - a potion of haste
Books
 c - a book of Changes
 E - a book of Enchantments
   (You found it on level 11 of the Dungeon)
 I - a book of the Sky
   (You found it on level 11 of the Dungeon)
Miscellaneous
 C - a sack of spiders {used: 10}
   (You found it on level 9 of the Dungeon)
 T - a plain deck of wonders
   (You found it on level 9 of the Dungeon)
Comestibles
 d - 5 bread rations {@e1}
 k - 3 meat rations {@e2}
 s - 3 fruits
 M - a beef jerky


   Skills:
 - Level 6.3(11.3) Fighting
 - Level 1.5(6.5) Dodging
 - Level 11.1(16.1) Unarmed Combat
 - Level 1.2 Spellcasting
 - Level 7.0 Transmutations
 + Level 4.8 Ice Magic


You had 7 spell levels left.
You knew the following spells:

 Your Spells              Type           Power        Failure   Level  Hunger
a - Beastly Appendage     Trmt           ##....       2%          1    ##.....
b - Ice Form              Ice/Trmt       ##......     38%         4    #####..


Dungeon Overview and Level Annotations

Branches:
Dungeon (12/15)              Lair (1/8) D:9
 Temple: D:4-7          Orc: D:9-12

Altars:
Fedhas
Okawaru
Trog

Shops:
D:10 %

Annotations:
D:8 Erolcha, Gastronok
D:10 Erica, Josephine
D:11 Sonja


Innate Abilities, Weirdness & Mutations

You are too large for most types of armour.
You have claws for hands.
Your metabolism is lightning-fast.
You like to eat raw meat.
You heal very quickly.
You are covered in fur (AC +1).
You have very tough skin (AC +2).


Message History

The wolf howls!
The wolf is too close now for your liking.
You regained 3 hp, and now have 94/105 hp.
A wolf comes into view.
A wolf comes into view.
There is a staircase back to the Dungeon, spattered with blood here.
The wolf howls!
You closely miss the wolf. The wolf bites you. The wolf bites you.
A crocodile comes into view.
You take 5 damage, and have 93/105 hp.
You closely miss the wolf. The wolf barely misses you.
The crocodile moves out of view.
You claw the wolf!
The wolf is moderately wounded.
The wolf bites you.
A porcupine and 2 wolves come into view.
You take 5 damage, and have 89/105 hp.
You miss the wolf.
The wolf howls!
You claw the wolf!
The wolf is almost dead.
The wolf bites you but does no damage. The wolf closely misses you.
The wolf bites you but does no damage. The wolf bites you. The wolf bites you.
The wolf bites you but does no damage.
You climb upwards.
Welcome back to the Dungeon!
There is a staircase to the Lair here.
You see here 12 arrows.
You take 4 damage, and have 86/105 hp.
You claw the wolf!
You kill the wolf!
Okawaru accepts your kill. The wolf completely misses you. The wolf bites you.
You scratch the wolf but do no damage. The wolf closely misses you.
You barely miss the wolf. Your claw misses the wolf. The wolf bites you.
You take 5 damage, and have 82/105 hp.
You completely miss the wolf. The wolf bites you.
You take 2 damage, and have 80/105 hp.
You closely miss the wolf. The wolf closely misses you.
The wolf closely misses you.
You barely miss the wolf. The wolf bites you.
You claw the wolf! You claw the wolf, but do no damage.
The wolf is moderately wounded.
The wolf completely misses you. The wolf bites you.
You take 4 damage, and have 77/105 hp.
You claw the wolf!
The wolf is severely wounded.
The wolf bites you.
You take 2 damage, and have 75/105 hp.
You claw the wolf!
You kill the wolf!
Okawaru accepts your kill.
You climb downwards.
Welcome to the Lair of Beasts!
The wolf bites you.
The wolf howls!
The wolf bites you. x2
The wolf bites you! The porcupine bites you! The wolf closely misses you.
The wolf bites you! The wolf bites you.
There is a staircase back to the Dungeon, spattered with blood here.
You take 41 damage, and have 34/105 hp.
MASSIVE DAMAGE!!
Read which item? (? for menu, Esc to quit)
Okay, then.
Use which ability?
You gain the combat prowess of a mighty hero.
You feel slightly less full. The wolf bites you but does no damage.
The wolf barely misses you. The porcupine barely misses you.
The wolf misses you. The wolf bites you. The wolf misses you.
The porcupine bites you.
* * * LOW HITPOINT WARNING * * *
You take 8 damage, and have 26/105 hp.
You now have 9/11 mp.
Read which item? (? for menu, Esc to quit)
As you read the scroll of teleportation, it crumbles to dust.
You feel strangely unstable. The wolf barely misses you.
The wolf bites you but does no damage. x2
The wolf closely misses you. The wolf bites you.
* * * LOW HITPOINT WARNING * * *
The porcupine bites you!
* * * LOW HITPOINT WARNING * * *
You take 14 damage, and have 12/105 hp.
The wolf bites you.
* * * LOW HITPOINT WARNING * * *
The wolf bites you.
* * * LOW HITPOINT WARNING * * *
The wolf bites you but does no damage. The porcupine barely misses you.
You take 1 damage, and have 11/105 hp.
Drink which item? (? for menu, Esc to quit)
You feel better. The wolf bites you but does no damage.
The wolf barely misses you. The wolf misses you.
The porcupine barely misses you. The wolf closely misses you.
The wolf bites you.
* * * LOW HITPOINT WARNING * * *
The wolf bites you but does no damage.
You regained 5 hp, and now have 16/105 hp.
Drink which item? (? for menu, Esc to quit)
You feel better. The wolf barely misses you. The wolf bites you.
* * * LOW HITPOINT WARNING * * *
The wolf misses you.
The porcupine bites you but does no damage.
The wolf bites you!
* * * LOW HITPOINT WARNING * * *
The wolf barely misses you. The wolf bites you!
You die...

.# #......#...#
.... #...........
h...##........#..
..............P..
.....P....†......
#...........#..
#.#.....h.^.....
....≈.t.hhh≈.....
....≈≈≈≈≈@r≈≈....
###.≈≈≈≈≈≈≈≈≈....
#P.≈≈≈≈≈≈≈≈≈≈...
###.≈≈≈≈≈≈≈≈....
#..≈≈≈≈≈≈≈....
#...≈≈≈≈≈.....
#.............
#..##.....##..


You could see a crocodile, 4 wolves and a porcupine.

Vanquished Creatures
  A tengu warrior (D:10)
  Nergalle (D:10)
  A hill giant (D:10)
  A centaur zombie (D:11)
  A komodo dragon (D:9)
  A troll (D:10)
  A two-headed ogre (D:10)
  3 wraiths
  Grum (D:9)
  A hippogriff (D:9)
  A hungry ghost (D:9)
  5 wolves (D:9)
  A mottled dragon (D:12)
  A porcupine (D:9)
  2 ice beasts
  An orc warrior (D:9)
  2 sky beasts (D:9)
  A centaur (D:11)
  3 ogres
  3 phantoms
  A big kobold (D:11)
  3 giant frogs
  3 gnoll sergeants (D:9)
  A scorpion (D:8)
  4 killer bees
  7 wights
  2 crimson imps
  4 giant frog zombies
  A jelly (D:6)
  An orc priest (D:9)
  A centaur skeleton (D:4)
  6 hounds
  Jessica (D:2)
  3 iguanas
  2 gnoll shamans (D:9)
  An orc wizard (D:8)
  5 worker ants
  A worker ant zombie (D:11)
  21 gnolls
  5 river rats
  8 adders
  A shadow imp (D:5)
  An ooze (D:6)
  5 worms
  2 giant geckos
  8 orcs
  A ball python (D:1)
  10 bats
  3 giant cockroaches
  2 goblins (D:9)
  A hobgoblin (D:2)
  15 jackals
  9 kobolds
  A quokka (D:2)
  A giant newt (D:2)
  2 rats
175 creatures vanquished.

Vanquished Creatures (collateral kills)
  3 trolls (D:9)
  A hippogriff (D:9)
  4 killer bees (D:9)
  A worker ant (D:9)
  A gnoll (D:9)
  A goblin (D:9)
11 creatures vanquished.

Vanquished Creatures (others)
  A plant (D:9)
1 creature vanquished.

Grand Total: 187 creatures vanquished

Notes
Turn   | Place    | Note
--------------------------------------------------------------
     0 | D:1      | achirane the Troll Transmuter began the quest for the Orb.
     0 | D:1      | Reached XP level 1. HP: 18/18 MP: 1/1
    86 | D:1      | Reached skill level 1 in Fighting
   219 | D:1      | Reached XP level 2. HP: 27/27 MP: 2/2
   470 | D:2      | Reached XP level 3. HP: 33/33 MP: 3/3
   780 | D:2      | Noticed Jessica
   795 | D:2      | Killed Jessica
   795 | D:2      | Reached skill level 4 in Unarmed Combat
   795 | D:2      | Reached skill level 2 in Transmutations
   795 | D:2      | Reached XP level 4. HP: 16/41 MP: 4/4
  1046 | D:5      | Entered Level 5 of the Dungeon
  1046 | D:5      | Noticed an ogre
  1261 | D:4      | Reached XP level 5. HP: 47/49 MP: 5/5
  1337 | D:4      | Reached skill level 2 in Fighting
  1445 | D:4      | Reached skill level 5 in Unarmed Combat
  1634 | D:5      | Reached XP level 6. HP: 56/58 MP: 6/6
  1834 | D:5      | Reached skill level 3 in Transmutations
  1933 | D:5      | Found a bloodstained altar of Trog.
  1947 | D:5      | Killed an ogre
  1985 | D:5      | Noticed an ogre
  1993 | D:5      | Killed an ogre
  1993 | D:5      | Reached skill level 3 in Fighting
  1993 | D:5      | Reached skill level 6 in Unarmed Combat
  1993 | D:5      | Reached XP level 7. HP: 50/67 MP: 7/7
  2187 | D:6      | Noticed an ice beast
  2199 | D:6      | Killed an ice beast
  2354 | D:6      | Reached skill level 7 in Unarmed Combat
  2427 | D:6      | Reached XP level 8. HP: 76/76 MP: 8/8
  2584 | D:7      | Reached skill level 4 in Transmutations
  2758 | D:8      | Noticed Erolcha
  2819 | D:9      | Reached skill level 4 in Fighting
  2874 | D:9      | Reached skill level 8 in Unarmed Combat
  2983 | D:9      | Noticed Grum
  2990 | D:9      | Noticed a troll
  3009 | D:9      | Killed a troll
  3030 | D:9      | Noticed a troll
  3030 | D:9      | HP: 19/79 [killer bee (3)]
  3251 | D:8      | Found a blossoming altar of Fedhas.
  3276 | D:9      | Killed a troll
  3276 | D:9      | Reached skill level 9 in Unarmed Combat
  3276 | D:9      | Reached XP level 9. HP: 61/87 MP: 9/9
  3340 | D:9      | HP: 21/87 [poisoned by a killer bee]
  3345 | D:9      | HP: 16/87 [poisoned by a killer bee]
  3350 | D:9      | HP: 15/87 [poisoned by a killer bee]
  3355 | D:9      | HP: 15/87 [poisoned by a killer bee]
  3360 | D:9      | HP: 16/87 [poisoned by a killer bee]
  3366 | D:9      | HP: 19/87 [poisoned by a killer bee]
  3393 | D:9      | Noticed a troll
  3414 | D:9      | Killed a troll
  3414 | D:9      | Reached skill level 5 in Fighting
  3438 | D:9      | Reached skill level 5 in Transmutations
  3475 | D:10     | Entered Level 10 of the Dungeon
  3475 | D:10     | Noticed a tengu warrior
  3490 | D:10     | HP: 17/88 [tengu warrior/glaive (11)]
  3491 | D:10     | Killed a tengu warrior
  3514 | D:10     | Noticed a hill giant
  3564 | D:10     | Noticed Erica
  3607 | D:10     | Noticed Josephine
  3614 | D:10     | Noticed Nergalle
  3679 | D:10     | Killed Nergalle
  3679 | D:10     | Reached skill level 10 in Unarmed Combat
  3766 | D:10     | Found Vimaneps's Food Emporium.
  3775 | D:10     | HP: 4/89 [hill giant/giant club (29)]
  3867 | D:10     | Killed a hill giant
  3867 | D:10     | Reached skill level 6 in Fighting
  3867 | D:10     | Reached XP level 10. HP: 81/98 MP: 10/10
  4048 | D:12     | Noticed a cyclops
  4203 | D:11     | Reached skill level 11 in Unarmed Combat
  4203 | D:11     | Reached skill level 6 in Transmutations
  4211 | D:11     | Learned a level 4 spell: Ice Form
  4376 | D:11     | Noticed Sonja
  4501 | D:10     | Reached skill level 1 in Ice Magic
  4813 | D:10     | Reached skill level 2 in Ice Magic
  4851 | D:10     | Noticed a hill giant
  4992 | D:9      | Found an iron altar of Okawaru.
  5010 | D:9      | Became a worshipper of Warmaster Okawaru
  5333 | D:9      | Reached skill level 3 in Ice Magic
  5408 | D:9      | Reached skill level 7 in Transmutations
  5449 | D:8      | Noticed Gastronok
  5461 | D:9      | Found a staircase to the Lair.
  5462 | D:9      | Noticed a komodo dragon
  5480 | D:9      | Killed a komodo dragon
  5480 | D:9      | Acquired Okawaru's first power
  5550 | D:9      | HP: 23/98 [Grum/glaive (21)]
  5555 | D:9      | Killed Grum
  5557 | D:9      | HP: 24/98 [gnoll shaman/club (2)]
  5645 | D:9      | Reached skill level 4 in Ice Magic
  5903 | Lair:1   | Entered Level 1 of the Lair of Beasts
  5936 | D:9      | Reached XP level 11. HP: 71/105 MP: 11/11
  5979 | Lair:1   | HP: 26/105 [porcupine (6)]
  5980 | Lair:1   | HP: 12/105 [porcupine (10)]
  5983 | Lair:1   | Slain by a wolf

Vault maps used:
D:1:      mrwooster_arrival_arrow
D:2:      uniq_natasha, uniq_jessica
D:3:      nicolae_overflow_crystal_walls, grunt_temple_overflow_diamond,
          kennysheep_decorative_pillar
D:4:      temple_doors_e, hangedman_abyss_or_decor_slice
D:5:      lemuel_crystal_altar, first_bread
D:6:      basic_altar
D:8:      old_standard_altar, uniq_gastronok, uniq_erolcha
D:9:      okawaru_altar_gauntlet_db, david_lair_shrubbed, serial_gnoll_camp,
          gnoll_camp_huts_basic, gnoll_camp_mini_hut, gnoll_camp_mini_doghouse,
          gnoll_camp_mini_sergeant, mrwooster_statue_mirror, uniq_grum
D:10:     serial_shops, kennysheep_mini_moat, uniq_nergalle, uniq_josephine,
          uniq_erica
D:11:     uniq_sonja
D:12:     orc_0_dummy
Lair:1:   beast_lair_carwin_1, infiniplex_staircase_pool

Action                   |  1- 3 |  4- 6 |  7- 9 | 10-12 || total
-------------------------+-------+-------+-------+-------++-------
Melee: Unarmed           |    71 |   108 |   212 |   296 ||   687
Throw: Large rock        |     7 |    24 |    27 |     1 ||    59
Invok: Heroism           |       |       |       |     2 ||     2
Evoke: Wand              |       |     4 |     9 |     4 ||    17
       Sack of spiders   |       |       |    12 |       ||    12
  Use: Scroll            |       |     6 |     6 |     3 ||    15
       Potion            |       |       |     1 |     2 ||     3
 Stab: Sleeping          |       |     1 |       |       ||     1
  Eat: Chunk             |    12 |    10 |    16 |    25 ||    63

Vault maps used:
D:1:      mrwooster_arrival_arrow
D:2:      uniq_natasha, uniq_jessica
D:3:      nicolae_overflow_crystal_walls, grunt_temple_overflow_diamond,
          kennysheep_decorative_pillar
D:4:      temple_doors_e, hangedman_abyss_or_decor_slice
D:5:      lemuel_crystal_altar, first_bread
D:6:      basic_altar
D:8:      old_standard_altar, uniq_gastronok, uniq_erolcha
D:9:      okawaru_altar_gauntlet_db, david_lair_shrubbed, serial_gnoll_camp,
          gnoll_camp_huts_basic, gnoll_camp_mini_hut, gnoll_camp_mini_doghouse,
          gnoll_camp_mini_sergeant, mrwooster_statue_mirror, uniq_grum
D:10:     serial_shops, kennysheep_mini_moat, uniq_nergalle, uniq_josephine,
          uniq_erica
D:11:     uniq_sonja
D:12:     orc_0_dummy
Lair:1:   beast_lair_carwin_1, infiniplex_staircase_pool

Table legend:
 A = Turns spent in this place as a percentage of turns spent in the entire game.
 B = Non-inter-level travel turns spent in this place as a percentage of non-inter-level travel turns spent in the entire game.
 C = Inter-level travel turns spent in this place as a percentage of turns spent in this place.
 D = Turns resting spent in this place as a percentage of non-inter-level travel turns spent in this place.
 E = Turns spent auto-exploring this place as a percentage of non-inter-level travel turns spent in this place.
 F = Non-inter-level travel turns spent in this place divided by the number of levels of this place that you've seen.
                   A       B       C       D       E      F
               +-------+-------+-------+-------+-------+----------------------
         Total | 100.0 | 100.0 |   0.2 |   0.7 |   1.8 | 300.5
       Dungeon |  99.1 |  99.1 |   0.2 |   0.7 |   1.9 | 322.6
          Lair |   0.9 |   0.9 |   0.0 |   0.0 |   0.0 |  36.0
               +-------+-------+-------+-------+-------+----------------------

Table legend:
 A = Kills in this place as a percentage of kills in entire the game.
 B = Kills by you in this place as a percentage of kills by you in the entire game.
 C = Kills by friends in this place as a percentage of kills by friends in the entire game.
 D = Other kills in this place as a percentage of other kills in the entire game.
 E = Experience gained in this place as a percentage of experience gained in the entire game.
 F = Experience gained in this place divided by the number of levels of this place that you have seen.
                   A       B       C       D       E      F
               +-------+-------+-------+-------+-------+----------------------
         Total | 100.0 | 100.0 | 100.0 |  -nan | 100.0 | 888.7
       Dungeon |  98.9 |  98.9 | 100.0 |  -nan |  99.8 | 960.8
          Lair |   1.1 |   1.1 |   0.0 |  -nan |   0.2 |  24.0
               +-------+-------+-------+-------+-------+----------------------
